 Dungeon Sprint DCSS version 0.28.0-1-gb440e238dd (webtiles) character file.

Game seed: 6608375442373903751

260 DungeonDestroyer the Shield-Bearer (level 6, -5/56 HPs)
             Began as a Gnoll Fighter on Feb 27, 2022.
             Was a Follower of the Shining One (penitent).
             Slain by a two-headed ogre (6 damage)
             ... in the Dungeon (Sprint IX: "|||||||||||||||||||||||||||||").
             The game lasted 00:03:56 (619 turns).

DungeonDestroyer the Shield-Bearer (Gnoll Fighter)   Turns: 619, Time: 00:03:57

Health: -5/56      AC: 13    Str: 15    XL:     6   Next: 17%
Magic:  9/12       EV: 12    Int:  8    God:    the Shining One [*.....]
Gold:   0          SH:  6    Dex: 13    Spells: 13/13 levels left

rFire   . . .      SeeInvis +   s - +14 obsidian axe {vorpal, Mesm Drain Fly SInv}
rCold   . . .      Faith    .   c - +0 buckler
rNeg    . . .      Spirit   .   p - +1 scale mail
rPois   .          Reflect  .   (no helmet)
rElec   .          Harm     .   q - +0 cloak
rCorr   .          Rampage  .   r - +0 pair of gloves
Will    .....      NoTele   +   (no boots)
Stlth   +.........              (no amulet)
HPRegen 0.18/turn               n - +2 ring of evasion
MPRegen 0.13/turn               o - +2 ring of protection

@: flying, mesmerised
A: fangs 1, strong nose, distributed training
a: Renounce Religion


You were in the Dungeon.
You worshipped the Shining One.
The Shining One was demanding penance.
You visited 1 branch

Inventory:

Hand Weapons
 a - a +0 war axe
 s - the +14 obsidian axe (weapon) {vorpal, Mesm Drain Fly SInv}
   (You found it in the Dungeon)

   It inflicts extra damage upon your enemies.
   It occasionally summons demons to assist the wielder when it strikes in
   combat.
   Its wielder is mesmerised by any visible foes.
   It cannot be unequipped while any foes are visible.
   SInv:      It lets you see invisible.
   Fly:       It grants you flight.
   Drain:     It drains your maximum health when unequipped.
   The Shining One disapproves of the use of such an item.
Armour
 c - a +0 buckler (worn)
 p - a +1 scale mail (worn)
 q - a +0 cloak (worn)
 r - a +0 pair of gloves (worn)
Jewellery
 n - a +2 ring of evasion (left hand)
 o - a +2 ring of protection (right hand)
Wands
 m - a wand of iceblast (10)
Scrolls
 j - 2 scrolls of blinking
 l - 2 scrolls of amnesia
Potions
 d - a potion of might
 e - 5 potions of curing
 f - a potion of invisibility
 g - a potion of haste
 h - 4 potions of magic
 i - a potion of berserk rage
 k - 2 potions of heal wounds


   Skills:
 + Level 7.9 Fighting
 + Level 4.2 Short Blades
 + Level 4.2 Long Blades
 + Level 6.3 Axes
 + Level 4.2 Maces & Flails
 + Level 4.2 Polearms
 + Level 4.2 Staves
 + Level 4.2 Slings
 + Level 4.2 Bows
 + Level 4.2 Crossbows
 + Level 4.2 Throwing
 + Level 7.9 Armour
 + Level 4.2 Dodging
 + Level 4.2 Stealth
 + Level 7.9 Shields
 + Level 4.2 Unarmed Combat
 + Level 4.2 Spellcasting
 + Level 3.5 Conjurations
 + Level 3.5 Hexes
 + Level 3.5 Summonings
 + Level 3.5 Necromancy
 + Level 3.5 Translocations
 + Level 3.5 Transmutations
 + Level 3.5 Fire Magic
 + Level 3.5 Ice Magic
 + Level 3.5 Air Magic
 + Level 3.5 Earth Magic
 + Level 3.5 Poison Magic
 + Level 4.6 Invocations
 + Level 4.2 Evocations


You had 13 spell levels left.
You didn't know any spells.
Your spell library was empty.

Dungeon Overview and Level Annotations

Branches:
Dungeon (1/1)

Altars:
Cheibriados
Dithmenos
Elyvilon
Fedhas
Gozag
Hepliaklqana
Kikubaaqudgha
Makhleb
Nemelex Xobeh
Okawaru
Qazlal
Ru
Sif Muna
Trog
Uskayaw
Vehumet
Wu Jian
Xom
Yredelemnul
Zin
The Shining One
Beogh
Jiyva
Lugonu


Innate Abilities, Weirdness & Mutations

You have very sharp teeth.
Your uncanny sense of smell can sniff out nearby items.
Your experience applies equally to all skills.


Message History

Your Polearms skill increases to level 4!
Your Staves skill increases to level 4!
Your Slings skill increases to level 4!
Your Bows skill increases to level 4!
Your Crossbows skill increases to level 4!
Your Throwing skill increases to level 4!
Your Dodging skill increases to level 4!
Your Stealth skill increases to level 4!
Your Unarmed Combat skill increases to level 4!
Your Spellcasting skill increases to level 4!
Your Conjurations skill increases to level 3!
Your Hexes skill increases to level 3!
Your Summonings skill increases to level 3!
Your Necromancy skill increases to level 3!
Your Translocations skill increases to level 3!
Your Transmutations skill increases to level 3!
Your Fire Magic skill increases to level 3!
Your Ice Magic skill increases to level 3!
Your Air Magic skill increases to level 3!
Your Earth Magic skill increases to level 3!
Your Poison Magic skill increases to level 3!
Your Invocations skill increases to level 4!
Your Evocations skill increases to level 4!
You have reached level 6!
You feel guilty. "You will pay for your transgression, mortal!"
You slash the two-headed ogre!
You bite the two-headed ogre, but do no damage.
The two-headed ogre is moderately wounded.
The orc warrior closely misses you.
The two-headed ogre hits you with a +0 giant club!!
* * * LOW HITPOINT WARNING * * *
The two-headed ogre barely misses you.
You feel guilty. "You will pay for your transgression, mortal!"
You slice the two-headed ogre!!
The two-headed ogre is severely wounded.
The orc warrior hits you from afar with a +0 halberd.
* * * LOW HITPOINT WARNING * * *
The two-headed ogre hits you with a +0 giant club.
You die...

∆∆∆∆ ∆ ∆
▓▓▓▓▓▓▓▓▓▓▓▓▓▓▓▓▓▓▓▓▓▓▓▓
_______'..).....@OooYZ..
▓▓▓▓▓▓▓▓▓▓▓▓▓▓▓▓▓▓▓▓▓▓▓▓


You could see a two-headed ogre (mesmerising), a yak, 2 orc warriors and a
quokka zombie.

Vanquished Creatures
  A wyvern (D)
  A necrophage (D)
  2 adders (D)
  A dart slug (D)
  A bat (D)
  A bat zombie (D)
  A quokka (D)
  A kobold (D)
  A quokka skeleton (D)
  A rat (D)
11 creatures vanquished.

Notes
Turn   | Place    | Note
-------+----------+-------------------------------------------
     0 | D        | DungeonDestroyer the Gnoll Fighter began the quest for the
                  | Orb.
     0 | D        | Reached XP level 1. HP: 23/23 MP: 1/1
    10 | D        | Reached skill level 1 in Invocations
    12 | D        | Reached skill level 1 in Short Blades
    12 | D        | Reached skill level 1 in Long Blades
    12 | D        | Reached skill level 1 in Maces & Flails
    12 | D        | Reached skill level 1 in Polearms
    12 | D        | Reached skill level 1 in Staves
    12 | D        | Reached skill level 1 in Slings
    12 | D        | Reached skill level 1 in Bows
    12 | D        | Reached skill level 1 in Crossbows
    12 | D        | Reached skill level 1 in Throwing
    12 | D        | Reached skill level 1 in Dodging
    12 | D        | Reached skill level 1 in Stealth
    12 | D        | Reached skill level 1 in Unarmed Combat
    12 | D        | Reached skill level 1 in Spellcasting
    12 | D        | Reached skill level 1 in Evocations
    15 | D        | Reached XP level 2. HP: 19/29 MP: 1/3
   129 | D        | Noticed a necrophage
   138 | D        | Killed a necrophage
   139 | D        | Reached skill level 5 in Axes
   139 | D        | Reached XP level 3. HP: 20/36 MP: 4/7
   139 | D        | Reached XP level 4. HP: 24/43 MP: 4/8
   164 | D        | Reached XP level 5. HP: 8/48 MP: 7/9
   410 | D        | Found a snail-covered altar of Cheibriados.
   410 | D        | Found a shadowy altar of Dithmenos.
   410 | D        | Found a white marble altar of Elyvilon.
   410 | D        | Found a blossoming altar of Fedhas.
   410 | D        | Found an opulent altar of Gozag.
   411 | D        | Found a hazy altar of Hepliaklqana.
   412 | D        | Found a viscous altar of Jiyva.
   413 | D        | Found an ancient bone altar of Kikubaaqudgha.
   414 | D        | Found a corrupted altar of Lugonu.
   415 | D        | Found a burning altar of Makhleb.
   416 | D        | Found a sparkling altar of Nemelex Xobeh.
   417 | D        | Found an iron altar of Okawaru.
   418 | D        | Found a stormy altar of Qazlal.
   419 | D        | Found a sacrificial altar of Ru.
   420 | D        | Found a shimmering blue altar of Sif Muna.
   421 | D        | Found a bloodstained altar of Trog.
   422 | D        | Found a hide-covered altar of Uskayaw.
   423 | D        | Found a radiant altar of Vehumet.
   424 | D        | Found an ornate altar of the Wu Jian Council.
   425 | D        | Found a shimmering altar of Xom.
   426 | D        | Found a basalt altar of Yredelemnul.
   427 | D        | Found a glowing silver altar of Zin.
   428 | D        | Found a glowing golden altar of the Shining One.
   535 | D        | Became a worshipper of Zin the Law-Giver
   537 | D        | Found the +14 obsidian axe {vorpal, Mesm Drain Fly SInv}
   579 | D        | Fell from the grace of Zin
   579 | D        | Became a worshipper of the Shining One
   614 | D        | Noticed a wyvern
   614 | D        | Noticed an orc warrior
   614 | D        | Noticed a two-headed ogre
   614 | D        | Reached * piety under the Shining One
   614 | D        | Noticed an orc warrior
   614 | D        | Noticed a yak
   615 | D        | Was placed under penance by the Shining One
   617 | D        | Killed a wyvern
   618 | D        | Reached XP level 6. HP: 25/56 MP: 9/12
   619 | D        | HP: 1/56 [orc warrior (4)]
   619 | D        | Slain by a two-headed ogre

Illustrated notes

Levels and vault maps discovered:
D:        linesprint [early_d, line_temple, items_1, d_10, items_2, lair_1,
          lair_end, items_3, orc_1, orc_end, items_4, d_15, swamp_1, shoals_1,
          snake_1, spider_1, d_20, vaults_1, items_5, swamp_end, shoals_end,
          snake_end, spider_end, vaults_end, d_27, items_6, zot_1, zot_end,
          crypt_end, forest_end, elf_end, slime_end, tomb_end, abyss_end,
          pan_hell_end]

Skill      XL: |  1  2  3  4  5 |
---------------+----------------+-----
Invocations    | 1 3 4 |  4.6
Short Blades   | 1 2 3 4 |  4.2
Long Blades    | 1 2 3 4 |  4.2
Maces & Flails | 1 2 3 4 |  4.2
Polearms       | 1 2 3 4 |  4.2
Staves         | 1 2 3 4 |  4.2
Slings         | 1 2 3 4 |  4.2
Bows           | 1 2 3 4 |  4.2
Crossbows      | 1 2 3 4 |  4.2
Throwing       | 1 2 3 4 |  4.2
Dodging        | 1 2 3 4 |  4.2
Stealth        | 1 2 3 4 |  4.2
Unarmed Combat | 1 2 3 4 |  4.2
Spellcasting   | 1 2 3 4 |  4.2
Evocations     | 1 2 3 4 |  4.2
Fighting       | 7 |  7.9
Axes           | 5 6 |  6.3
Armour         | 7 |  7.9
Shields        | 7 |  7.9
Conjurations   | 2 3 |  3.5
Hexes          | 2 3 |  3.5
Summonings     | 2 3 |  3.5
Necromancy     | 2 3 |  3.5
Translocations | 2 3 |  3.5
Transmutations | 2 3 |  3.5
Fire Magic     | 2 3 |  3.5
Ice Magic      | 2 3 |  3.5
Air Magic      | 2 3 |  3.5
Earth Magic    | 2 3 |  3.5
Poison Magic   | 2 3 |  3.5

Action                   |  1- 3 |  4- 6 || total
-------------------------+-------+-------++-------
Melee: War axe           |    19 |    27 ||    46
       Bite              |     1 |     2 ||     3
       Broad axe         |       |     5 ||     5
  Use: Potion            |       |     1 ||     1
Armor: Scale mail        |     2 |    12 ||    14
Dodge: Dodged            |     4 |    14 ||    18
Block: Buckler           |     5 |    14 ||    19
